 Dungeon Crawl Stone Soup version 0.23.2-40-g277498a001 (webtiles) character file.

Game seed: 14183759545375127827

361 Kaiomaar the Chopper (level 6, -11/56 HPs)
             Began as a Minotaur Berserker on Sept 14, 2019.
             Was a Believer of Trog.
             Shot with an arrow by a centaur (14 damage)
             ... on level 4 of the Dungeon.
             The game lasted 00:41:30 (4173 turns).

Kaiomaar the Chopper (Minotaur Berserker)           Turns: 4173, Time: 00:41:32

Health: -11/56     AC:  7    Str: 24    XL:     6   Next: 38%
Magic:  5/5        EV: 13    Int:  4    God:    Trog [**....]
Gold:   54         SH:  0    Dex:  9    Spells: 5/5 levels left

rFire    . . .     SeeInvis .   F - +0 war axe
rCold    . . .     Gourm    .   (no shield)
rNeg     . . .     Faith    .   C - +0 leather armour
rPois    .         Spirit   .   (helmet restricted)
rElec    .         Reflect  .   J - +0 cloak
rCorr    .         Harm     .   z - +2 pair of gloves
MR       .....                  (no boots)
Stlth    +.........             (no amulet)
HPRegen  0.18/turn              (no ring)
MPRegen  0.09/turn              (no ring)

@: no status effects
A: retaliatory headbutt, horns 2
a: Berserk, Trog's Hand, Renounce Religion


You were on level 4 of the Dungeon.
You worshipped Trog.
Trog was pleased with you.
You were hungry.

You visited 1 branch of the dungeon, and saw 4 of its levels.

You collected 162 gold pieces.
You spent 108 gold pieces at shops.

Inventory:

Hand Weapons
 a - a +0 hand axe
 i - a +0 club
 n - a +0 club
 o - a +0 hunting sling
 p - a +0 whip
 u - a +0 short sword
 E - a +0 halberd
 F - a +0 war axe (weapon)
 H - a +0 morningstar
 I - a +0 scythe
Missiles
 e - 179 stones (quivered)
 m - 14 poisoned needles
 v - 3 large rocks
Armour
 b - a +0 animal skin
 t - a +0 robe
 z - a +2 pair of gloves (worn)
 B - a cursed +0 pair of gloves
 C - a +0 leather armour (worn)
 G - a +0 plate armour
 J - a +0 cloak (worn)
Jewellery
 s - an uncursed ring of see invisible {unknown}
Wands
 w - a wand of iceblast (5)
 N - a wand of random effects (8)
Scrolls
 c - 2 scrolls of identify
 l - a scroll of amnesia {unknown}
 q - a scroll of immolation {unknown}
 r - 2 scrolls of random uselessness {unknown}
 y - 3 scrolls of remove curse {unknown}
 A - a scroll of noise {unknown}
 D - a scroll of teleportation {unknown}
Potions
 d - 2 potions of lignification {unknown}
 f - 3 potions of curing
 g - 2 potions of degeneration
 h - a potion of cancellation {unknown}
 j - a potion of berserk rage {unknown}
 k - 3 potions of might {unknown}
 K - a potion of heal wounds {unknown}
 L - a potion of brilliance {unknown}
Comestibles
 x - 6 rations


   Skills:
 + Level 5.4 Fighting
 + Level 6.0(6.1) Axes
 + Level 1.0(3.9) Maces & Flails
 + Level 3.0 Armour
 + Level 3.5 Dodging
 + Level 1.6 Stealth


You had 5 spell levels left.
You didn't know any spells.
Your spell library was empty.

Dungeon Overview and Level Annotations

Branches:
Dungeon (4/15)
 Temple: D:4-7

Altars:
Okawaru

Shops:
D:4 [


Innate Abilities, Weirdness & Mutations

You reflexively headbutt those who attack you in melee.
You have a pair of horns on your head.


Message History

* * * LOW HITPOINT WARNING * * *
The centaur shoots an arrow.
The arrow hits you.
* * * LOW HITPOINT WARNING * * *
The centaur shoots an arrow.
The arrow closely misses you.
You see here 2 arrows.
There is an open door here.
The centaur shoots an arrow.
The arrow hits you!
* * * LOW HITPOINT WARNING * * *
You see here an arrow.
A hound comes into view.
The hound barks!
The centaur shoots an arrow.
The arrow misses you.
The centaur shoots an arrow.
The arrow hits you.
* * * LOW HITPOINT WARNING * * *
You see here an arrow.
The centaur shoots an arrow.
The arrow hits you.
* * * LOW HITPOINT WARNING * * *
You see here 2 arrows.
The centaur shoots an arrow.
The arrow hits you!
You die...

#..........###.#.................
...........'.....................
#..........###...########........
#.......#### #...# #........
#######....# #...# #......<.
#....# #...# #........
#######....# #...# #........
.....##....###...########).......
...#..+.........@.......)).......
...#..#....####..........########
...#...##### #.h.(..........
...#.#.#...# #.#..(.....####
...#.#.....# #.#........#
...#.##....# #.#........#
...#.##....####.#........#
...#.###......#.#..(...c.## .###.
#.#....#.#........(#


You could see a centaur and a hound.

Vanquished Creatures
  2 hounds (D:4)
  An iguana (D:4)
  3 worker ants (D:4)
  3 gnolls (D:3)
  9 adders
  An ooze (D:3)
  A worm (D:2)
  2 dart slugs
  2 leopard geckos
  4 orcs (D:4)
  7 bats
  4 giant cockroaches
  8 goblins
  10 hobgoblins
  10 jackals
  4 kobolds
  4 quokkas
  3 frilled lizards
  9 rats
87 creatures vanquished.

Notes
Turn   | Place    | Note
-------+----------+-------------------------------------------
     0 | D:1      | Kaiomaar the Minotaur Berserker began the quest for the
                  | Orb.
     0 | D:1      | Reached XP level 1. HP: 19/19 MP: 0/0
    93 | D:1      | Reached XP level 2. HP: 17/27 MP: 1/1
   109 | D:1      | Reached skill level 4 in Axes
   544 | D:1      | Reached XP level 3. HP: 29/33 MP: 2/2
  1400 | D:2      | Found an iron altar of Okawaru.
  1513 | D:2      | Reached XP level 4. HP: 41/41 MP: 3/3
  2022 | D:2      | Reached ** piety under Trog
  2378 | D:2      | Reached skill level 5 in Axes
  2528 | D:3      | Reached skill level 5 in Fighting
  2704 | D:3      | Reached XP level 5. HP: 16/48 MP: 4/4
  3567 | D:4      | Reached skill level 1 in Maces & Flails
  3567 | D:4      | Reached skill level 1 in Stealth
  3718 | D:4      | Found Zuwniteczo's Antique Armour Boutique.
  3731 | D:4      | Bought a cloak for 108 gold pieces
  3786 | D:4      | Reached XP level 6. HP: 36/56 MP: 5/5
  4153 | D:4      | Reached skill level 6 in Axes
  4173 | D:4      | Shot with an arrow by a centaur

Skill      XL: |  1  2  3  4  5  6 |
---------------+-------------------+-----
Axes           | 4 5 6 |  6.0
Fighting       | 4 5 |  5.4
Dodging        | 3 |  3.5
Maces & Flails | 1 |  1.0
Stealth        | 1 |  1.6
Armour         | 3 |  3.0

Action                   |  1- 3 |  4- 6 || total
-------------------------+-------+-------++-------
Melee: Hand axe          |    38 |    73 ||   111
       Headbutt          |    11 |    18 ||    29
       Club              |    32 |     7 ||    39
       War axe           |       |    38 ||    38
  Use: Potion            |     2 |     2 ||     4
       Scroll            |     1 |     1 ||     2
 Stab: Sleeping          |       |     1 ||     1
  Eat: Ration            |     1 |       ||     1
       Chunk             |       |     6 ||     6
Armor: Animal skin       |     7 |     7 ||    14
       Leather armour    |       |    27 ||    27
Dodge: Dodged            |    57 |    92 ||   149
